 Dungeon Crawl Stone Soup version 0.26.0-20-g3ca415f5b8 (webtiles) character file.

Game seed: 9502441946344024947

2300 weicynow the Grappler (level 9, -3/82 HPs)
             Began as a Naga Transmuter on Jan 26, 2021.
             Was a Follower of Cheibriados.
             Slain by a wraith (6 damage)
             ... on level 11 of the Dungeon.
             The game lasted 00:59:53 (8158 turns).

weicynow the Grappler (Naga Transmuter)             Turns: 8158, Time: 00:59:53

Health: -3/82      AC:  6    Str: 18    XL:     9   Next: 40%
Magic:  10/13      EV: 21    Int: 16    God:    Cheibriados [*.....]
Gold:   164        SH:  0    Dex: 21    Spells: 8/14 levels left

rFire    . . .     SeeInvis +     - Unarmed
rCold    . . .     Faith    .   (shield currently unavailable)
rNeg     . . .     Spirit   .   (armour currently unavailable)
rPois    x         Reflect  .   (helmet currently unavailable)
rElec    .         Harm     .   (cloak currently unavailable)
rCorr    .         Rampage  .   (gloves currently unavailable)
Will     +....                  (no barding)
Stlth    ++++......             (no amulet)
HPRegen  0.23/turn              k - +4 ring of protection
MPRegen  0.13/turn              (no ring)

@: mighty, spider-form, very slightly contaminated, slowed, invisible
(expiring), very slow
A: tiny, see invisible, spit poison 1, AC +3
a: Spit Poison, End Transformation, Renounce Religion, Bend Time


You were on level 11 of the Dungeon.
You worshipped Cheibriados.
Cheibriados was aware of your devotion.
You were a venomous arachnid creature.
You visited 1 branch of the dungeon, and saw 9 of its levels.

You collected 377 gold pieces.
You spent 213 gold pieces at shops.


Innate Abilities, Weirdness & Mutations

You cannot wear boots.
((Your serpentine skin is tough. (AC +3)))
You have supernaturally acute eyesight. (SInv)
((Armour fits poorly on your strangely shaped body.))
((Your system is resistant to poisons. (rPois)))
((You cover ground very slowly.))
You can spit poison.


   Skills:
 * Level 5.7 Fighting
 + Level 1.9 Armour
 + Level 2.5 Dodging
 + Level 6.4 Stealth
 - Level 11.0 Unarmed Combat
 - Level 3.0 Spellcasting
 - Level 5.0 Transmutations


You had 8 spell levels left.
You knew the following spells:

 Your Spells              Type           Power        Failure   Level
a - Wereblood             Tmut           18%          12%         2
q - Spider Form           Tmut/Pois      5%           41%         3
z - Beastly Appendage     Tmut           36%          9%          1

Your spell library contained the following spells:

 Spells                   Type           Power        Failure   Level
 Ice Form                 Ice/Tmut       10%          75%         4
 Blade Hands              Tmut           9%           75%         5


Dungeon Overview and Level Annotations

Branches:
Dungeon (8/15)             Temple (0/1) D:7
   Lair: D:8-11

Altars:
Cheibriados
Dithmenos
Fedhas
Gozag
Nemelex Xobeh
Ru
Sif Muna
Xom

Shops:
D:5 [   D:6 !*(

Annotations:
D:2 2 transporters
D:4 Sigmund

Inventory:

Hand Weapons
 b - a +4 hunting sling
   (You found it on level 6 of the Dungeon)
Missiles
 j - 177 stones
 v - 47 sling bullets
Armour
 h - a +1 helmet
   (You took it off Robin on level 4 of the Dungeon)
 n - a +3 leather armour of cold resistance (melded)
   (You took it off an orc on level 4 of the Dungeon)
Jewellery
 k - a +4 ring of protection (left front leg)
   (You found it on level 2 of the Dungeon)
Wands
 a - a wand of flame (35)
   (You took it off Ijyb on level 5 of the Dungeon)
Scrolls
 d - 4 scrolls of remove curse
 r - a scroll of identify
 s - 3 scrolls of teleportation
 u - a scroll of enchant weapon
Potions
 c - a potion of brilliance {unknown}
 e - a potion of ambrosia
 f - 2 potions of flight
 g - a potion of cancellation
 i - a potion of attraction {!q}
 m - 2 potions of magic
 o - a potion of haste {unknown}
 p - a potion of mutation {!q}
 q - 5 potions of curing {!q}
 t - a potion of lignification {unknown}

.# #....# +.. .+ #....#
#.. .# #....# #.. .#
#....# #..
.#########....# #..
..............##########
#..
s.............$.........
...
........................
##s.............s.......
#.........######W.....#
#K######### ....... #F'
....### #.'. ....# #.#..
....# #.#... ....#
#.#.... ....# ..# #+##


You could see a wraith.


Message History

You feel strangely unstable.
The centaur wields a +0 shortbow.
The centaur shoots an arrow.
The arrow barely misses you.
The kobold shoots a bolt.
The bolt hits you but does no damage.
The centaur shoots an arrow.
The arrow hits you. The arrow burns you.
The centaur shoots an arrow.
The arrow completely misses you.
You take 1 damage, and have 37/82 hp.
You feel much better.
The centaur shoots an arrow.
The arrow hits you.
The centaur shoots an arrow.
The arrow closely misses you.
The centaur shoots an arrow.
The arrow hits you but does no damage.
A big kobold comes into view. It is wielding a -2 dagger.
The kobold shoots a bolt.
The bolt barely misses you.
A kobold comes into view. It is wielding a +0 dagger.
The kobold throws a stone.
The stone closely misses you.
The centaur shoots an arrow.
The arrow hits you!
The centaur shoots an arrow.
The arrow hits you! The arrow burns you!
* * * LOW HITPOINT WARNING * * *
A centaur comes into view.
You take 13 damage, and have 24/82 hp.
You feel much better.
The big kobold shouts!
You hear a shout!
The centaur shouts!
The centaur shoots an arrow.
The arrow hits you.
A kobold comes into view.
The centaur shoots an arrow.
The arrow barely misses you.
The kobold throws a stone.
The stone hits you but does no damage.
The centaur shoots an arrow.
The arrow hits you. The arrow burns you.
You regained 27 hp, and now have 51/82 hp.
Your surroundings suddenly seem different.
The centaur wields a shortbow.
The centaur shoots an arrow.
The arrow closely misses you.
The centaur wields a +0 shortbow.
The centaur shoots an arrow.
The arrow hits you but does no damage.
The centaur shoots an arrow.
The arrow hits you!
Found 28 stones.
A centaur comes into view. It is wielding a +0 shortbow.
You see here 2 arrows.
You take 7 damage, and have 44/82 hp.
As you read the scroll of teleportation, it crumbles to dust.
You feel strangely unstable.
The centaur shoots an arrow.
The arrow hits you. The arrow burns you.
The centaur shoots an arrow.
The arrow hits you.
You take 13 damage, and have 31/82 hp.
It was a potion of invisibility.
You fade into invisibility!
The centaur shoots an arrow.
The arrow barely misses you.
You are very lightly contaminated with residual magic.
The centaur shoots an arrow. x4; The arrow barely misses you.
Your surroundings suddenly seem different.
Found 14 gold pieces.
A worker ant comes into view.
A wraith comes into view.
The worker ant barely misses you. x2
The worker ant bites you.
You take 5 damage, and have 29/82 hp.
The worker ant barely misses you.
You closely miss the worker ant. The wraith hits you.
The wraith drains your vigour!
You feel yourself slow down.
You take 5 damage, and have 25/82 hp.
You hit the wraith but do no damage. The wraith hits you.
* * * LOW HITPOINT WARNING * * *
The wraith drains your vigour!
You feel as though you will be slow longer.
You take 4 damage, and have 21/82 hp.
You feel very mighty all of a sudden. The wraith hits you.
* * * LOW HITPOINT WARNING * * *
The wraith drains your vigour!
You feel as though you will be slow longer.
You take 5 damage, and have 16/82 hp.
You hit the wraith. The wraith hits you but does no damage.
The wraith closely misses you.
You barely miss the wraith. The wraith barely misses you.
You punch the wraith! The wraith hits you.
* * * LOW HITPOINT WARNING * * *
The wraith drains your vigour!
You feel as though you will be slow longer.
You take 4 damage, and have 13/82 hp.
You fail to use your ability.
The wraith hits you.
* * * LOW HITPOINT WARNING * * *
The wraith drains your vigour!
You feel as though you will be slow longer.
The wraith misses you.
You take 3 damage, and have 10/82 hp.
Okay, then.
You turn into a venomous arachnid creature.
Your +3 leather armour of cold resistance melds into your body.
You feel less resistant to cold. The wraith completely misses you.
You now have 10/13 mp.
You barely miss the wraith.
You flicker for a moment.
The wraith closely misses you.
You bite the wraith! The wraith misses you.
You hit the wraith. The wraith completely misses you. The wraith hits you!
* * * LOW HITPOINT WARNING * * *
The wraith drains your vigour!
You feel as though you will be slow longer.
You take 7 damage, and have 3/82 hp.
You hit the wraith but do no damage. The wraith hits you.
You die...

Action                   |  1- 3 |  4- 6 |  7- 9 || total
-------------------------+-------+-------+-------++-------
Melee: Unarmed           |    42 |   127 |   172 ||   341
       Punch             |     1 |     1 |     5 ||     7
       Headbutt          |     1 |     4 |    16 ||    21
 Fire: Hunting sling     |       |       |    11 ||    11
Throw: Stone             |       |    13 |       ||    13
 Cast: Beastly Appendage |     3 |     7 |     9 ||    19
       Wereblood         |       |     4 |     5 ||     9
       Spider Form       |       |       |     1 ||     1
 Abil: Spit Poison       |    21 |    44 |    43 ||   108
       End Transformatio |     2 |     3 |     4 ||     9
  Use: Potion            |     1 |     3 |     6 ||    10
       Scroll            |       |    12 |    10 ||    22
 Stab: Sleeping          |     2 |     1 |     4 ||     7
       Distracted        |       |       |     1 ||     1
Armor: Robe              |    16 |    63 |       ||    79
       Leather armour    |       |       |    67 ||    67
Dodge: Dodged            |    52 |    67 |    90 ||   209

Levels and vault maps discovered:
D:1:      minmay_arrival_plants_in_alcoves, layout_loops_ring,
          kennysheep_pointless_box
D:2:      layout_rooms, gammafunk_temple_overflow_arena, general_overflow_altar,
          serial_forest, infiniplex_forest_lined_corner,
          infiniplex_forest_straight_3, infiniplex_forest_lined_room_,
          infiniplex_forest_lined_3, infiniplex_forest_straight_4,
          infiniplex_forest_straight_1, chequers_arboretum,
          amcnicky_mini_rare_corridor_liquid, kennysheep_generic_room_11
D:3:      layout_loops_ring, solitary_fountain
D:4:      layout_basic, overflow_temple_1_default, uniq_robin, uniq_grinder,
          uniq_sigmund
D:5:      layout_gridville, nicolae_overflow_crystal_walls, serial_shops,
          nicolae_shop_waterfront, uniq_ijyb
D:6:      layout_loops_ring, lemuel_round_altar, lemuel_crystal_altar,
          serial_shops, shop_fountains, shop, shop_statue
D:7:      layout_cave_pools, fedhas_altar_4, grunt_gozag_breadcrumbs,
          minmay_temple_entry_nine_rooms, serial_co_window_serial,
          co_window_paths_b, co_window_paths_b, co_window_corner_a,
          co_window_corner_a, co_window_corner_a, co_window_paths_b,
          co_window_paths_a, co_window_paths_a, co_window_of_opportunity_a,
          co_window_paths_c, co_window_2corner, glass_columns_a
D:8:      layout_rooms, pdpol_wu_jian_five_deadly_venoms, lemuel_round_altar,
          grunt_temple_overflow_diamond, serial_co_window_serial,
          co_window_of_opportunity_a, co_window_of_opportunity_a,
          co_window_paths_a, co_window_paths_a, co_window_cross_1,
          co_window_unsneaky_path_e, co_window_broadway_a, co_window_broadway_b,
          co_window_unsneaky_path_b, co_window_corner_cb, glass_columns_b,
          glass_columns_b, minmay_manual_monolith
D:11:     layout_irregular_city, david_lair_shrubbed,
          minmay_guarded_unrand_finisher, uniq_gastronok, uniq_erica, uniq_snorg

Notes
Turn   | Place    | Note
-------+----------+-------------------------------------------
     0 | D:1      | weicynow the Naga Transmuter began the quest for the Orb.
     0 | D:1      | Reached XP level 1. HP: 18/18 MP: 3/3
   406 | D:1      | Reached skill level 1 in Stealth
   406 | D:1      | Reached XP level 2. HP: 25/25 MP: 5/5
   654 | D:1      | Reached XP level 3. HP: 25/31 MP: 6/6
  1318 | D:1      | HP: 6/31 [hobgoblin (4)]
  1322 | D:1      | Reached skill level 11 in Unarmed Combat
  1322 | D:1      | Reached XP level 4. HP: 6/38 MP: 7/7
  1592 | D:1      | Learned a level 2 spell: Wereblood
  1596 | D:1      | Learned a level 3 spell: Spider Form
  1621 | D:2      | Found a sparkling altar of Nemelex Xobeh.
  1625 | D:2      | Found a transporter.
  1625 | D:2      | Noticed a bullfrog
  1639 | D:2      | Found a transporter.
  1877 | D:2      | Reached skill level 2 in Stealth
  1994 | D:2      | Reached XP level 5. HP: 45/45 MP: 6/8
  2202 | D:2      | Found a shimmering altar of Xom.
  3413 | D:4      | Noticed Robin
  3454 | D:4      | Found a shimmering blue altar of Sif Muna.
  3666 | D:4      | Noticed Grinder
  3741 | D:5      | Entered Level 5 of the Dungeon
  3857 | D:5      | Reached skill level 2 in Fighting
  3857 | D:5      | Reached XP level 6. HP: 44/52 MP: 8/10
  4184 | D:5      | Noticed Ijyb
  4208 | D:5      | Found a shadowy altar of Dithmenos.
  4263 | D:5      | Noticed a sky beast
  4277 | D:5      | Killed a sky beast
  4278 | D:5      | Reached skill level 3 in Spellcasting
  4278 | D:5      | Reached skill level 3 in Transmutations
  4388 | D:4      | Killed Robin
  4395 | D:4      | Killed Grinder
  4396 | D:4      | Reached skill level 3 in Stealth
  4396 | D:4      | Reached XP level 7. HP: 35/61 MP: 8/11
  4672 | D:4      | Noticed Sigmund
  4789 | D:5      | Reached skill level 4 in Transmutations
  4992 | D:5      | Reached skill level 4 in Stealth
  5023 | D:5      | Found Iddy's Armour Emporium.
  5188 | D:5      | Reached skill level 3 in Fighting
  5438 | D:5      | Reached XP level 8. HP: 61/69 MP: 10/12
  5602 | D:5      | Killed Ijyb
  5848 | D:6      | Reached skill level 5 in Stealth
  5870 | D:6      | Found Hifuifra's Distillery.
  5885 | D:6      | Reached skill level 5 in Transmutations
  5886 | D:6      | Found Jicvedacs's General Store.
  5906 | D:6      | Bought a scroll of teleportation for 39 gold pieces
  5906 | D:6      | Bought a potion of mutation for 104 gold pieces
  5912 | D:6      | Bought a potion of curing for 30 gold pieces
  5932 | D:6      | Bought a potion of might for 40 gold pieces
  6004 | D:6      | Found Faigast's Weapon Boutique.
  6040 | D:6      | Reached skill level 4 in Fighting
  6108 | D:6      | Found a snail-covered altar of Cheibriados.
  6114 | D:6      | Became a worshipper of Cheibriados the Contemplative
  6615 | D:6      | Found a sacrificial altar of Ru.
  6896 | D:7      | Found an opulent altar of Gozag.
  6971 | D:7      | Found a blossoming altar of Fedhas.
  7139 | D:7      | Found a staircase to the Ecumenical Temple.
  7209 | D:7      | Reached skill level 2 in Dodging
  7510 | D:7      | Reached skill level 5 in Fighting
  7510 | D:7      | Reached skill level 1 in Armour
  7510 | D:7      | Reached XP level 9. HP: 81/81 MP: 13/13
  8068 | D:8      | Reached * piety under Cheibriados
  8081 | D:8      | Reached skill level 6 in Stealth
  8093 | D:8      | You fall into a shaft and drop 3 floors!
  8094 | D:11     | Noticed a deep elf mage
  8096 | D:11     | Noticed a jumping spider
  8096 | D:11     | Noticed a demonic crawler
  8097 | D:11     | Noticed a kobold demonologist
  8149 | D:11     | HP: 16/82 [wraith (5)]
  8157 | D:11     | HP: 3/82 [wraith (8)]
  8158 | D:11     | Slain by a wraith

Vanquished Creatures
  Grinder (D:4)
  2 ice beasts
  A sky beast (D:5)
  An orc warrior (D:7)
  A necrophage (D:5)
  3 centaurs
  3 bullfrogs
  A gnoll sergeant (D:5)
  A scorpion (D:6)
  5 wights (D:8)
  2 howler monkeys (D:11)
  A bullfrog zombie (D:5)
  A centaur zombie (D:7)
  2 hounds
  A bullfrog skeleton (D:6)
  3 jellies
  2 iguanas
  Ijyb (D:5)
  3 orc wizards
  4 worker ants
  A hound skeleton (D:8)
  Robin (D:4)
  8 adders
  4 gnolls (D:5)
  2 shadow imps
  A white imp (D:7)
  4 ufetubi
  An ooze (D:1)
  A worm (D:4)
  3 dart slugs
  3 leopard geckos
  12 orcs
  2 ball pythons
  9 bats
  5 giant cockroaches
  16 goblins
  11 hobgoblins
  10 jackals
  3 quokkas
  5 frilled lizards
  3 kobolds
  A leopard gecko skeleton (D:4)
  2 quokka skeletons (D:5)
  5 rats
152 creatures vanquished.

Table legend: (Time is in decaauts)
 A = Elapsed time spent in this place.
 B = Non-inter-level travel time spent in this place.
 C = Inter-level travel time spent in this place.
 D = Time resting spent in this place.
 E = Time spent auto-exploring this place.
 F = Levels seen in this place.
 G = Mean time per level.
                   A        B        C        D        E       F      G
               +--------+--------+--------+--------+--------+-----+--------+
         Total |  10703 |   9584 |   1119 |   2048 |   5574 |   9 | 1189.2 |
       Dungeon |  10703 |   9584 |   1119 |   2048 |   5574 |   9 | 1189.2 |
               +--------+--------+--------+--------+--------+-----+--------+

Top non-repeatable levels by time:
     D:5: 1988 daAuts
     D:1: 1968 daAuts
     D:7: 1851 daAuts
     D:6: 1316 daAuts
     D:4: 1216 daAuts
     D:2: 1109 daAuts
     D:3: 1104 daAuts
    D:11: 91 daAuts
     D:8: 57 daAuts

Table legend:
 A = Kills in this place as a percentage of kills in entire the game.
 B = Kills by you in this place as a percentage of kills by you in the entire game.
 C = Kills by friends in this place as a percentage of kills by friends in the entire game.
 D = Other kills in this place as a percentage of other kills in the entire game.
 E = Experience gained in this place as a percentage of experience gained in the entire game.
 F = Experience gained in this place divided by the number of levels of this place that you have seen.
                   A       B       C       D       E      F
               +-------+-------+-------+-------+-------+----------------------
         Total | 100.0 | 100.0 |   N/A |   N/A | 100.0 | 358.6
       Dungeon | 100.0 | 100.0 |   N/A |   N/A | 100.0 | 358.6
               +-------+-------+-------+-------+-------+----------------------
